 Dungeon Crawl Stone Soup version 0.31-a0-965-g8a8ce12e04 (webtiles) character file.

Game seed: 16189378017828215492

9431 WhatIsLove the Thaumaturge (level 11, -14/66 HPs)
             Began as a Djinni Fire Elementalist on Oct 26, 2023.
             Was an Initiate of Makhleb.
             Demolished by a large slime creature (17 damage)
             ... on level 11 of the Dungeon.
             The game lasted 00:17:36 (9418 turns).

WhatIsLove the Thaumaturge (DjFE)                   Turns: 9418, Time: 00:17:39

Health: -14/66     AC:  5    Str:  8    XL:     11   Next: 74%
Gold:   347        EV: 11    Int: 28    God:    Makhleb [......] SH:  4 Dex: 18

rFire   + + +        l - +10 rapier of Feeru {flame, Int+7}
rCold   x . .        C - +0 buckler of Vycaliw {rElec Str+3 Dex-2 Stlth+}
rNeg    + + +        F - +1 troll leather armour {Snorg}
rPois   ∞            (no helmet)
rElec   +            (no cloak)
rCorr   +            z - +0 pair of gloves of Blue Brilliance {rPois rN+++ Str-2 Stlth+}
SInv    .            (boots unavailable)
Will    ++...        d - amulet "Byrghetaaw" {Faith rPois rF+ Regen+ rCorr}
Stlth   ++++         p - +6 ring of dexterity
HPRegen 1.91/turn    r - ring of willpower
MPRegen 0.00/turn

%: clarity, faith, infuse magic (-15 HP)
@: marked, flying
A: sickness immunity, fire resistance 2, cold vulnerability 1, float, innate
caster, HP casting, extra vitality 1, clarity
a: Renounce Religion


You were on level 11 of the Dungeon.
You worshipped Makhleb.
Makhleb was noncommittal.
You visited 2 branches of the dungeon, and saw 12 of its levels.

You collected 594 gold pieces.
You spent 247 gold pieces at shops.

Inventory:

Hand Weapons
 l - the +10 rapier of Feeru (weapon) {flame, Int+7}
   (You acquired it on level 9 of the Dungeon)

   Int+7:     It affects your intelligence (+7).
Missiles
 B - 4 throwing nets
Armour
 a - a +0 kite shield
 z - the +0 pair of gloves of Blue Brilliance (worn) {rPois rN+++ Str-2 Stlth+}
   (You acquired it on level 9 of the Dungeon)

   Str-2:     It affects your strength (-2).
   rPois:     It protects you from poison rN+++: It renders you almost immune to
   negative energy.
   Stlth+:    It makes you more stealthy.
 A - an orb of mayhem
 C - the +0 buckler of Vycaliw (worn) {rElec Str+3 Dex-2 Stlth+}
   (You bought it in a shop on level 9 of the Dungeon)

   Str+3:     It affects your strength (+3).
   Dex-2:     It affects your dexterity (-2).
   rElec:     It insulates you from electricity.
   Stlth+:    It makes you more stealthy.
 F - a +1 troll leather armour (worn) {Snorg}
Jewellery
 d - the amulet "Byrghetaaw" (around neck) {Faith rPois rF+ Regen+ rCorr}
   (You acquired it on level 9 of the Dungeon)

   [amulet of faith]

   Faith:     It allows you to gain divine favour quickly.
   rF+:       It protects you from fire.
   rPois:     It protects you from poison Regen+: It increases your rate of
   health regeneration.
   rCorr:     It protects you from acid and corrosion.
 o - a ring of fire
 p - a +6 ring of dexterity (left hand)
 r - a ring of willpower (right hand)
Wands
 w - a wand of roots (11)
Scrolls
 b - 3 scrolls of teleportation
 e - 2 scrolls of poison
 f - 2 scrolls of butterflies
 h - a scroll of torment
 i - 2 scrolls of silence {unknown}
 j - 2 scrolls of noise
 k - 2 scrolls of revelation {unknown}
 m - 4 scrolls of immolation
 s - 3 scrolls of vulnerability {unknown}
 t - 2 scrolls of blinking {unknown}
 u - 2 scrolls of fear
 v - a scroll of fog
Potions
 c - 2 potions of might
 g - a potion of mutation
 n - 2 potions of lignification {unknown}
 q - 3 potions of attraction {unknown}
 x - 2 potions of enlightenment {unknown}
 D - a potion of heal wounds {unknown}
 E - a potion of degeneration {unknown}


   Skills:
 + Level 0.4 Fighting
 + Level 1.3 Short Blades
 + Level 0.6 Armour
 + Level 2.3 Dodging
 + Level 2.6 Stealth
 + Level 13.2 Spellcasting
 + Level 13.2 Conjurations
 + Level 13.2 Hexes
 + Level 13.2 Summonings
 + Level 13.2 Necromancy
 + Level 13.2 Translocations
 + Level 13.2 Transmutations
 + Level 13.2 Fire Magic
 + Level 13.2 Ice Magic
 + Level 13.2 Air Magic
 + Level 13.2 Earth Magic
 + Level 13.2 Poison Magic


You knew the following spells:

 Your Spells              Type           Power      Damage    Failure   Level
a - Stone Arrow           Conj/Erth      100%       3d13      1%          3
d - Lee's Rapid Deconstr  Erth           37%        3d19*     1%          5
f - Foxfire               Conj/Fire      100%       2x1d9     1%          1
i - Inner Flame           Hex/Fire       75%        N/A       1%          3
s - Scorch                Fire           100%       2d9       1%          2
v - Volatile Blastmotes   Fire/Tloc      100%       2d18      1%          3
w - Flame Wave            Conj/Fire      75%        2d17      1%          4
M - Summon Small Mammal   Summ           100%       N/A       1%          1
R - Searing Ray           Conj           100%       2d8       1%          2
W - Swiftness             Air            75%        N/A       1%          3
Your spell library was empty.

Dungeon Overview and Level Annotations

Branches:
Dungeon (11/15)            Temple (1/1) D:6            Lair (0/5) D:9
    Orc: D:9-12

Altars:
Ashenzari
Cheibriados
Dithmenos
Elyvilon
Fedhas
Gozag
Hepliaklqana
Makhleb
Nemelex Xobeh
Okawaru
Qazlal
Ru
Trog
Uskayaw
Wu Jian
Xom
Yredelemnul
Zin
The Shining One

Shops:
D:9 [


Innate Abilities, Weirdness & Mutations

You are immune to sickness and miasma.
You are immune to poison.
Your flesh is very heat resistant. (rF++)
You are vulnerable to cold. (rC-)
You float through the air rather than walking.
You learn spells naturally, not from books.
Your magical power is your life essence.
You have superior vitality. (+4 MHP)
You possess an exceptional clarity of mind.


Message History

Confirm with . or Enter, or press ? or * to list all spells.
Aiming: Inner Flame (safe; 1% risk of failure)
Press: ? - help, Dir - move target, f - centaur, p - centaur
Aim: a centaur (chance to affect: 98%)
The centaur is filled with an inner flame.
* * * LOW HITPOINT WARNING * * *
The large slime creature is engulfed in blazing flames.
Flame seeps out of the large slime creature.
The troll bites you!
* * * LOW HITPOINT WARNING * * *
The troll closely misses you. The troll claws you.
* * * LOW HITPOINT WARNING * * *
Unknown command.
Casting: Inner Flame (safe; 1% risk of failure)
Confirm with . or Enter, or press ? or * to list all spells.
Casting: Flame Wave (safe; 1% risk of failure)
Press: ? - help, Dir - look around, f - activate A wave of flame ripples out!
The flame wave engulfs the large slime creature!
Flame seeps out of the large slime creature.
The large slime creature is moderately wounded.
The flame wave engulfs the troll!!
Makhleb accepts your kill.
The troll leather armour is intact enough to wear. (Press . to intensify the flame waves.)
* * * LOW HITPOINT WARNING * * *
The troll explodes!
The fiery explosion engulfs the large slime creature!!
Flame seeps out of the large slime creature.
The large slime creature is heavily wounded.
The fiery explosion engulfs you! You resist.
* * * LOW HITPOINT WARNING * * *
You are engulfed in blazing flames.
You resist.
* * * LOW HITPOINT WARNING * * *
The centaur unwields a +0 club.
The centaur wields a +0 orcbow.
The centaur shoots an arrow.
The arrow misses you.
The large slime creature is engulfed in blazing flames.
Flame seeps out of the large slime creature.
The large slime creature hits you!
You die...

# #......#
.
##<######
. #.## ###
# ##.# #.#
#######.##
#.#
.......##
##.#
..######
##..# ###
##...# #
#§R§## #
#J§## ##
#§##
.########
#c#
........##
#c#
....>....#
#.#
...<##...#
#.#
....##...#
##.#
#........#
#..#


You could see a large slime creature (inner flame) and 2 centaurs.

Vanquished Creatures
  Snorg (D:10)
  Erica (D:9)
  2 two-headed ogres
  A cyclops (D:6)
  Jeremiah (D:9)
  A rime drake (D:9)
  A troll (D:11)
  A polar bear (D:9)
  3 slime creatures (D:11)
  4 wyverns
  A wraith (D:10)
  7 yaks
  3 steam dragons
  A water moccasin (D:5)
  6 ice beasts (D:9)
  An orc warrior (D:7)
  2 wolves
  A centaur (D:10)
  A phantom (D:6)
  3 bullfrogs
  2 gnoll sergeants (D:7)
  8 wights
  11 killer bees
  2 howler monkeys
  3 gnoll boudas
  2 hounds (D:5)
  A jelly (D:4)
  6 orc priests
  A sleepcap (D:4)
  2 iguanas
  8 orc wizards
  18 gnolls
  5 adders
  4 white imps
  6 ufetubi
  4 worms
  4 dart slugs
  16 orcs
  10 endoplasms
  4 giant cockroaches
  9 hobgoblins
  4 quokkas
  7 ball pythons
  8 bats
  2 frilled lizards
  4 goblins
  3 kobolds
  4 rats
200 creatures vanquished.

Vanquished Creatures (others)
  472 foxfires
472 creatures vanquished.

Grand Total: 672 creatures vanquished

Notes
Turn   | Place    | Note
-------+----------+-------------------------------------------
     0 | D:1      | WhatIsLove the Djinni Fire Elementalist began the quest for
                  | the Orb.
     0 | D:1      | WhatIsLove set off with the following spells memorised:
                  | Foxfire, Scorch, Volatile Blastmotes, Inner Flame, Flame
                  | Wave.
     0 | D:1      | Reached XP level 1. HP: 15/15 MP: 0/0
   180 | D:1      | Reached XP level 2. HP: 19/21 MP: 0/0
   433 | D:1      | Reached XP level 3. HP: 19/25 MP: 0/0
   433 | D:1      | Learned a level 1 spell: Summon Small Mammal
  1336 | D:2      | Reached XP level 4. HP: 27/31 MP: 0/0
  2257 | D:3      | Found an ornate altar of the Wu Jian Council.
  2403 | D:3      | Reached XP level 5. HP: 29/35 MP: 0/0
  2403 | D:3      | Learned a level 2 spell: Searing Ray
  2694 | D:3      | Found a bloodstained altar of Trog.
  3144 | D:4      | Found an opulent altar of Gozag.
  3230 | D:4      | Reached skill level 5 in Spellcasting
  3230 | D:4      | Reached skill level 5 in Conjurations
  3230 | D:4      | Reached skill level 5 in Hexes
  3230 | D:4      | Reached skill level 5 in Summonings
  3230 | D:4      | Reached skill level 5 in Necromancy
  3230 | D:4      | Reached skill level 5 in Translocations
  3230 | D:4      | Reached skill level 5 in Transmutations
  3230 | D:4      | Reached skill level 5 in Fire Magic
  3230 | D:4      | Reached skill level 5 in Ice Magic
  3230 | D:4      | Reached skill level 5 in Air Magic
  3230 | D:4      | Reached skill level 5 in Earth Magic
  3230 | D:4      | Reached skill level 5 in Poison Magic
  3230 | D:4      | Reached XP level 6. HP: 19/40 MP: 0/0
  3767 | D:4      | Reached XP level 7. HP: 41/45 MP: 0/0
  3767 | D:4      | Learned a level 3 spell: Swiftness
  3781 | D:4      | Gained mutation: You possess an exceptional clarity of
                  | mind. [potion of mutation]
  4082 | D:4      | Found a sparkling altar of Nemelex Xobeh.
  4134 | D:4      | Found a broken altar of Ashenzari.
  4199 | D:5      | Entered Level 5 of the Dungeon
  4513 | D:5      | Noticed a water moccasin
  4518 | D:5      | Killed a water moccasin
  4887 | D:5      | Reached XP level 8. HP: 47/50 MP: 0/0
  5089 | D:6      | Found a sacrificial altar of Ru.
  5155 | D:6      | Found a staircase to the Ecumenical Temple.
  5226 | Temple   | Entered the Ecumenical Temple
  5347 | D:6      | Noticed a cyclops
  5352 | D:6      | Killed a cyclops
  5796 | D:7      | Reached XP level 9. HP: 38/55 MP: 0/0
  5796 | D:7      | Learned a level 3 spell: Stone Arrow
  6270 | D:7      | You are sucked into a shaft and drop 1 floor!
  6520 | D:7      | Reached skill level 10 in Spellcasting
  6520 | D:7      | Reached skill level 10 in Conjurations
  6520 | D:7      | Reached skill level 10 in Hexes
  6520 | D:7      | Reached skill level 10 in Summonings
  6520 | D:7      | Reached skill level 10 in Necromancy
  6520 | D:7      | Reached skill level 10 in Translocations
  6520 | D:7      | Reached skill level 10 in Transmutations
  6520 | D:7      | Reached skill level 10 in Fire Magic
  6520 | D:7      | Reached skill level 10 in Ice Magic
  6520 | D:7      | Reached skill level 10 in Air Magic
  6520 | D:7      | Reached skill level 10 in Earth Magic
  6520 | D:7      | Reached skill level 10 in Poison Magic
  7094 | D:7      | Found a shadowy altar of Dithmenos.
  7785 | D:8      | Reached XP level 10. HP: 52/60 MP: 0/0
  8085 | D:9      | Noticed a rime drake
  8172 | D:9      | Noticed a two-headed ogre
  8179 | D:9      | Killed a two-headed ogre
  8195 | D:9      | Killed a rime drake
  8276 | D:9      | Noticed Jeremiah
  8288 | D:9      | Killed Jeremiah
  8289 | D:9      | Reached XP level 11. HP: 41/65 MP: 0/0
  8289 | D:9      | Learned a level 5 spell: Lee's Rapid Deconstruction
  8407 | D:9      | Found Kusar's Antique Armour Shoppe.
  8414 | D:9      | Found a staircase to the Lair.
  8422 | D:9      | Noticed Erica
  8435 | D:9      | Killed Erica
  8464 | D:9      | Bought an ichor-stained buckler for 247 gold pieces
  8464 | D:9      | Identified the +0 buckler of Vycaliw {rElec Str+3 Dex-2
                  | Stlth+} (You bought it in a shop on level 9 of the Dungeon)
  8477 | D:9      | Identified 3 scrolls of acquirement
  8481 | D:9      | Acquired the amulet "Byrghetaaw" {Faith rPois rF+ Regen+
                  | rCorr}
  8496 | D:9      | Identified the "Guisusy" (You acquired it on level 9 of
                  | the Dungeon)
  8496 | D:9      | Acquired the +0 pair of gloves of Blue Brilliance {rPois
                  | rN+++ Str-2 Stlth+}
  8508 | D:9      | Identified the "Janybif" (You acquired it on level 9 of
                  | the Dungeon)
  8508 | D:9      | Acquired the +10 rapier of Feeru {flame, Int+7}
  8740 | D:10     | Entered Level 10 of the Dungeon
  8863 | D:10     | Noticed a two-headed ogre
  8868 | D:10     | Killed a two-headed ogre
  9010 | D:10     | Found a burning altar of Makhleb.
  9024 | D:10     | Became a worshipper of Makhleb the Destroyer
  9067 | D:10     | Noticed Snorg
  9072 | D:10     | Killed Snorg
  9073 | D:10     | Reached skill level 1 in Short Blades
  9418 | D:11     | HP: 1/66 [cloud of flame (3)]
  9418 | D:11     | Demolished by a large slime creature

Illustrated notes

Levels and vault maps discovered:
D:1:      lemuel_arrival_muddy, layout_basic, minmay_hexomino_u4
D:2:      minmay_wonky_spiral, layout_basic, minmay_misc_feat_pillars
D:3:      minmay_evil_eye, layout_loops_cross, lemuel_round_altar,
          mainiacjoe_overflow_catch_the_wave
D:4:      layout_loops_cross, nemelex_spade_bored_becter, grunt_gozag_statues,
          lemuel_tele_altar, minmay_a_box_with_orc_wizards_in_it
D:5:      layout_basic
D:6:      layout_basic, lemuel_round_altar, minmay_temple_entry_waves,
          serial_curves, eino_curves_02, eino_curves_04, item_on_display_a
D:7:      layout_basic, grunt_dithmenos_smoke
D:8:      layout_loops_cross, serial_glass, glass_columns_a, glass_columns_a,
          glass_columns_c, glass_columns_a, glass_columns_c, glass_columns_c,
          glass_columns_a, glass_columns_b
D:9:      layout_rooms, nicolae_overflow_hidden_temple, hellmonk_lair_entry_icy,
          serial_shops, nicolae_shop_hallway_stairs, reono_crystal_passage,
          uniq_jeremiah, uniq_erica
D:10:     layout_gridville, amcnicky_altar_gilded, uniq_snorg
D:11:     layout_layer_cave
Temple:   nicolae_temple_bog_church

Skill      XL: |  1  2  3  4  5  6  7  8  9 10 11 |
---------------+----------------------------------+-----
Spellcasting   | 4 5 6 8 10 12 13 | 13.2
Conjurations   | 4 5 6 8 10 12 13 | 13.2
Hexes          | 4 5 6 8 10 12 13 | 13.2
Summonings     | 4 5 6 8 10 12 13 | 13.2
Necromancy     | 4 5 6 8 10 12 13 | 13.2
Translocations | 4 5 6 8 10 12 13 | 13.2
Transmutations | 4 5 6 8 10 12 13 | 13.2
Fire Magic     | 4 5 6 8 10 12 13 | 13.2
Ice Magic      | 4 5 6 8 10 12 13 | 13.2
Air Magic      | 4 5 6 8 10 12 13 | 13.2
Earth Magic    | 4 5 6 8 10 12 13 | 13.2
Poison Magic   | 4 5 6 8 10 12 13 | 13.2
Stealth        | 2 |  2.6
Short Blades   | 1 |  1.3
Fighting       | |  0.4
Armour         | |  0.6
Dodging        | |  2.3

Action                     |  1- 3 |  4- 6 |  7- 9 | 10-12 || total
---------------------------+-------+-------+-------+-------++-------
  Melee: Unarmed           |     4 |       |    11 |     1 ||    16
         Punch             |       |       |     1 |       ||     1
         Rapier            |       |       |       |     2 ||     2
   Cast: Foxfire           |    59 |    99 |    76 |    53 ||   287
         Scorch            |    13 |    37 |    30 |    26 ||   106
         Summon Small Mamm |     3 |     2 |       |     2 ||     7
         Inner Flame       |       |     3 |    28 |    42 ||    73
         Flame Wave        |       |       |     4 |     7 ||    11
         Stone Arrow       |       |       |     2 |     1 ||     3
         Lee's Rapid Decon |       |       |       |     4 ||     4
    Use: Potion            |       |       |     3 |       ||     3
         Scroll            |       |       |       |    12 ||    12
   Stab: Sleeping          |       |       |       |     1 ||     1
 Armour: Robe              |     9 |    10 |    39 |       ||    58
         Steam dragon scal |       |       |     5 |    16 ||    21
         Troll leather arm |       |       |       |    12 ||    12
  Dodge: Dodged            |    13 |    21 |    23 |    12 ||    69

Table legend: (Time is in decaauts)
 A = Elapsed time spent in this place.
 B = Non-inter-level travel time spent in this place.
 C = Inter-level travel time spent in this place.
 D = Time resting spent in this place.
 E = Time spent auto-exploring this place.
 F = Levels seen in this place.
 G = Mean time per level.
                   A        B        C        D        E       F      G
               +--------+--------+--------+--------+--------+-----+--------+
         Total |   9412 |   9043 |    369 |    131 |   7563 |  12 |  784.3 |
       Dungeon |   9411 |   9042 |    369 |    131 |   7563 |  11 |  855.5 |
        Temple |      1 |      1 |      0 |      0 |      0 |   1 |    1.0 |
               +--------+--------+--------+--------+--------+-----+--------+

Top non-repeatable levels by time:
     D:7: 1598 daAuts
     D:1: 1197 daAuts
     D:4: 1062 daAuts
     D:2: 984 daAuts
     D:3: 957 daAuts
     D:6: 851 daAuts
     D:8: 731 daAuts
     D:5: 715 daAuts
     D:9: 635 daAuts
    D:10: 601 daAuts
    D:11: 76 daAuts
  Temple: 1 daAuts
